 Dungeon Crawl Stone Soup version 0.27-a0-695-gb4952372f7 (webtiles) character file.

Game seed: 11526148802907756208

10966 kenlaan the Severer (level 11, -12/97 HPs)
             Began as a Hill Orc Fighter on Mar 21, 2021.
             Was a High Priest of the Shining One.
             Mangled by an orc warrior
             ... wielding a +0 mace
              (15 damage)
             ... on level 2 of the Orcish Mines.
             The game lasted 00:31:15 (13365 turns).

kenlaan the Severer (Hill Orc Fighter)             Turns: 13365, Time: 00:31:16

Health: -12/97     AC: 17    Str: 23      XL:     11   Next: 70%
Magic:  9/11       EV: 10    Int: 12 (14) God:    the Shining One [*****.]
Gold:   1042       SH: 18    Dex: 10      Spells: 10/10 levels left

rFire    + . .     SeeInvis .   a - +1 war axe
rCold    . . .     Faith    +   c - +1 kite shield
rNeg     + + .     Spirit   .   G - +2 plate armour {rF+}
rPois    .         Reflect  .   p - +0 helmet
rElec    .         Harm     .   (no cloak)
rCorr    .         Rampage  .   (no gloves)
Will     .....                  (no boots)
Stlth    ..........             k - amulet of faith
HPRegen  0.26/turn              C - +4 ring of evasion
MPRegen  0.12/turn              F - +6 ring of intelligence

@: divinely shielded, glowing
A: no striking features
a: Renounce Religion, Divine Shield, Cleansing Flame, Summon Divine Warrior


You were on level 2 of the Orcish Mines.
You worshipped the Shining One.
The Shining One was extremely pleased with you.
You visited 2 branches of the dungeon, and saw 11 of its levels.

You collected 1072 gold pieces.
You spent 30 gold pieces at shops.

Inventory:

Hand Weapons
 a - a +1 war axe (weapon)
Missiles
 s - 8 javelins (quivered)
Armour
 c - a +1 kite shield (worn)
 p - a +0 helmet (worn)
 G - a +2 plate armour of fire resistance (worn)
Jewellery
 k - an amulet of faith (around neck)
 o - a +6 ring of dexterity
 u - the necklace of Bloodlust {*Rage +Rage Will++ Int-3 Slay+6}
   (You found it on level 4 of the Dungeon)

   [amulet of nothing]

   It affects your intelligence (-3).
   It affects your accuracy and damage with ranged weapons and melee attacks
   (+6).
   It affects your willpower, your defense against some magical effects.
   It lets you go berserk.
   It may make you go berserk in combat.
 z - an amulet of the acrobat
 C - a +4 ring of evasion (right hand)
 F - a +6 ring of intelligence (left hand)
Wands
 b - a wand of polymorph (8)
 e - a wand of mindburst (11)
 x - a wand of digging (3)
 D - a wand of random effects (15)
Scrolls
 i - 3 scrolls of vulnerability
 n - 4 scrolls of teleportation
 q - a scroll of magic mapping
 t - a scroll of fog {unknown}
 v - a scroll of enchant armour
 w - a scroll of immolation
 B - 3 scrolls of identify
Potions
 f - a potion of curing
 h - a potion of ambrosia {unknown}
 j - a potion of magic {unknown}
 l - 2 potions of resistance {unknown}
 m - a potion of flight
 r - a potion of cancellation {unknown}
 A - a potion of degeneration {unknown}
Miscellaneous
 d - a tin of tremorstones (2/2)


   Skills:
 + Level 9.4 Fighting
 + Level 15.5 Axes
 + Level 9.5 Armour
 + Level 2.4 Dodging
 - Level 0.1 Stealth
 + Level 8.1 Shields
 + Level 0.5 Unarmed Combat
 + Level 0.5 Invocations


You had 10 spell levels left.
You didn't know any spells.
Your spell library contained the following spells:

 Spells                   Type           Power      Damage    Failure   Level
 Beastly Appendage        Tmut           0%         N/A       100%        1
 Shock                    Conj/Air       0%         1d3       100%        1
 Swiftness                Air            0%         N/A       100%        2
 Wereblood                Tmut           0%         N/A       100%        2
 Spider Form              Tmut/Pois      0%         N/A       100%        3
 Static Discharge         Conj/Air       0%         N/A       100%        3
 Airstrike                Air            0%         N/A       100%        4
 Ice Form                 Ice/Tmut       0%         N/A       100%        4
 Blade Hands              Tmut           0%         N/A       100%        5
 Lightning Bolt           Conj/Air       0%         1d11      100%        5


Dungeon Overview and Level Annotations

Branches:
Dungeon (9/15)                Orc (2/2) D:9
 Temple: D:4-7         Lair: D:8-11         Elf: Orc:2

Altars:
Ashenzari
Dithmenos
Fedhas
Makhleb
Trog
Vehumet
Xom
The Shining One

Shops:
D:5 !


Message History

You feel better.
The centaur hits you but does no damage.
You block the centaur warrior's attack. You block the centaur's attack.
The centaur barely misses you. You block the orc warrior's attack. x2
The orc warrior closely misses you.
The orc warrior hits you with a +0 glaive.
* * * LOW HITPOINT WARNING * * *
The orc warrior hits you with a +0 mace!
The Shining One protects you from harm!
You fail to use your ability.
The centaur warrior hits you but does no damage.
The centaur hits you but does no damage.
You block the centaur's attack. The orc warrior barely misses you.
You block the orc warrior's attack. x2
The centaur warrior hits you but does no damage.
The orc warrior hits you but does no damage.
You block the centaur's attack. The orc warrior barely misses you.
You fail to use your ability.
You block the centaur's attack.
The orc warrior hits you but does no damage.
The centaur warrior misses you. The centaur hits you.
* * * LOW HITPOINT WARNING * * *
You block the centaur's attack.
The orc warrior hits you but does no damage.
You block the orc warrior's attack. The orc warrior barely misses you.
The orc warrior hits you with a +0 mace.
* * * LOW HITPOINT WARNING * * *
The orc warrior barely misses you.
Unknown command.
You slash the orc warrior!
You kill the orc warrior!
You hit the centaur warrior but do no damage.
You slash the orc warrior! You completely miss the centaur.
You hit the orc warrior. You hit the centaur but do no damage.
You barely miss the orc warrior. You hit the orc warrior.
You block the centaur warrior's attack. You block the centaur's attack.
The centaur barely misses you.
The orc warrior hits you but does no damage.
You block the orc warrior's attack.
The orc warrior hits you with a +0 mace!
You die...

.o..#........c....)...........#
co###..#.#....................#
...#.........................##
..oo#.......#.................#
#...#........................##
................o............##
#.............oooo............#
..............ococ...........#
...............o@o...........#
##.............ooc...........##
..............................#
..........#............<......#
.#...........................##
........#.....##.............$#
.#..##..............## .##
##.............#
................#


You could see a centaur warrior, 8 orc warriors, 2 centaurs and 3 orcs.

Vanquished Creatures
  A centaur warrior (D:9)
  The ghost of gregwegmann the Grappler, a novice TrFi of Ru (D:6)
  Nergalle (Orc:1)
  An unseen horror (D:9)
  An orc sorcerer (Orc:1)
  An ugly thing (D:9)
  A komodo dragon (D:9)
  A polar bear (D:8)
  A troll (D:9)
  A hornet (D:8)
  2 yaks (D:8)
  2 neqoxecs (Orc:1)
  6 orc warriors
  3 ice beasts (D:8)
  A black bear (D:8)
  4 sky beasts
  10 ogres
  6 centaurs
  A wolf (D:8)
  4 phantoms
  6 kobold brigands
  A gnoll sergeant (D:8)
  5 bullfrogs
  3 scorpions
  7 wights
  6 howler monkeys (D:9)
  2 electric eels (D:8)
  A centaur zombie (D:7)
  A bullfrog zombie (D:8)
  2 quasits (Orc:1)
  A wyvern simulacrum (D:8)
  4 hounds
  A jelly (D:8)
  A centaur skeleton (D:8)
  6 orc priests
  An iguana (D:9)
  17 orc wizards
  8 worker ants
  A bullfrog simulacrum (D:8)
  A centaur simulacrum (D:8)
  A hound zombie (D:7)
  8 gnolls (D:8)
  5 adders
  A shadow imp (D:6)
  2 white imps (D:8)
  A worker ant simulacrum (D:8)
  3 ufetubi
  2 oozes
  3 worms
  4 dart slugs
  6 leopard geckos
  38 orcs
  4 bats (D:1)
  6 giant cockroaches
  3 hobgoblins (D:1)
  8 jackals
  5 quokkas
  2 ball pythons
  7 frilled lizards
  7 goblins
  10 kobolds
  A leopard gecko zombie (D:6)
  10 rats
261 creatures vanquished.

Vanquished Creatures (collateral kills)
  The ghost of Darkuwa the Grappler, a journeyman TrBe of Trog (Orc:1)
  A neqoxec (Orc:1)
  A quasit (Orc:1)
3 creatures vanquished.

Vanquished Creatures (others)
  A wolf (D:8)
  An ufetubus (D:8)
  3 fungi (D:6)
  A plant (D:6)
6 creatures vanquished.

Grand Total: 270 creatures vanquished

Notes
Turn   | Place    | Note
-------+----------+-------------------------------------------
     0 | D:1      | kenlaan the Hill Orc Fighter began the quest for the Orb.
     0 | D:1      | Reached XP level 1. HP: 19/19 MP: 1/1
   122 | D:1      | Reached XP level 2. HP: 27/27 MP: 2/2
   326 | D:1      | Reached XP level 3. HP: 32/33 MP: 3/3
   403 | D:1      | Reached skill level 3 in Axes
  1017 | D:2      | Found a radiant altar of Vehumet.
  1017 | D:2      | Found a shadowy altar of Dithmenos.
  1018 | D:2      | Found a shimmering altar of Xom.
  1045 | D:2      | Found a blossoming altar of Fedhas.
  1540 | D:2      | Found a glowing golden altar of the Shining One.
  1657 | D:2      | Became a worshipper of the Shining One
  1702 | D:2      | Found a faded altar of an unknown god.
  2103 | D:2      | Reached XP level 4. HP: 40/40 MP: 4/4
  2164 | D:3      | Reached skill level 4 in Axes
  2310 | D:3      | Noticed a kobold brigand
  3244 | D:3      | Noticed a bullfrog
  3258 | D:3      | Killed a bullfrog
  3259 | D:3      | Reached XP level 5. HP: 17/47 MP: 5/5
  3603 | D:3      | Killed a kobold brigand
  3604 | D:3      | Reached skill level 5 in Axes
  3604 | D:3      | Reached XP level 6. HP: 25/53 MP: 6/6
  4292 | D:4      | Reached skill level 6 in Axes
  4292 | D:4      | Reached skill level 1 in Dodging
  4756 | D:4      | Found a burning altar of Makhleb.
  4766 | D:4      | Reached skill level 5 in Armour
  4766 | D:4      | Reached XP level 7. HP: 55/60 MP: 7/7
  4856 | D:4      | Found the necklace of Bloodlust {*Rage +Rage Will++ Int-3
                  | Slay+6}
  4906 | D:5      | Entered Level 5 of the Dungeon
  4938 | D:5      | Reached * piety under the Shining One
  5088 | D:5      | Found a bloodstained altar of Trog.
  5097 | D:4      | Reached skill level 5 in Fighting
  5097 | D:4      | Reached skill level 7 in Axes
  5104 | D:5      | Found Ofupoel's Distillery.
  5438 | D:5      | Reached skill level 8 in Axes
  5488 | D:5      | Reached XP level 8. HP: 34/69 MP: 8/8
  5899 | D:5      | Reached skill level 5 in Shields
  6101 | D:5      | Bought a potion of curing for 30 gold pieces
  6380 | D:6      | Reached skill level 9 in Axes
  6421 | D:6      | Found a runed translucent gate.
  6423 | D:6      | Found a runed translucent gate.
  6424 | D:6      | Found a runed translucent gate.
  6426 | D:6      | Noticed a kobold demonologist
  6426 | D:6      | Reached ** piety under the Shining One
  6427 | D:6      | Noticed gregwegmann's ghost (novice TrFi)
  7249 | D:6      | Killed gregwegmann's ghost
  7250 | D:6      | Reached skill level 10 in Axes
  7250 | D:6      | Reached XP level 9. HP: 28/77 MP: 9/9
  7588 | D:6      | Noticed a rust devil
  7860 | D:7      | Reached skill level 11 in Axes
  8849 | D:8      | Reached *** piety under the Shining One
  8903 | D:8      | Reached skill level 12 in Axes
  9087 | D:8      | Reached XP level 10. HP: 79/86 MP: 10/10
  9416 | D:8      | Paralysed by a hornet for 3 turns
 10037 | D:8      | Found a broken altar of Ashenzari.
 10077 | D:8      | Reached skill level 13 in Axes
 10455 | D:9      | Reached **** piety under the Shining One
 10457 | D:9      | Noticed a centaur warrior
 10537 | D:9      | Noticed an unseen horror
 10556 | D:9      | Killed an unseen horror
 10732 | D:9      | Killed a centaur warrior
 10733 | D:9      | Reached skill level 14 in Axes
 10733 | D:9      | Reached XP level 11. HP: 61/95 MP: 11/11
 11084 | D:9      | Found a staircase to the Orcish Mines.
 11095 | D:9      | Noticed a white ugly thing
 11105 | D:9      | Killed a white ugly thing
 11832 | Orc:1    | Entered Level 1 of the Orcish Mines
 11832 | Orc:1    | Noticed an orc sorcerer
 11836 | Orc:1    | Paralysed by an orc sorcerer for 7 turns
 11851 | Orc:1    | Killed an orc sorcerer
 12026 | Orc:1    | Found a transporter.
 12262 | Orc:1    | Noticed Darkuwa's ghost (journeyman TrBe)
 12262 | Orc:1    | Reached ***** piety under the Shining One
 12443 | Orc:1    | Found a transporter.
 12483 | Orc:1    | Noticed Nergalle
 12492 | Orc:1    | Reached skill level 15 in Axes
 12504 | Orc:1    | Killed Nergalle
 12803 | Orc:1    | Killed Darkuwa's ghost
 12872 | Orc:2    | Entered Level 2 of the Orcish Mines
 12956 | Orc:2    | Noticed a centaur warrior
 13361 | Orc:2    | HP: 3/97 [centaur warrior (10)]
 13362 | Orc:2    | The Shining One protects you from harm!
 13365 | Orc:2    | Mangled by an orc warrior

Illustrated notes

Levels and vault maps discovered:
D:1:      nzn_arrival_crosshair, layout_basic, st_stairs_6, minmay_pentomino_q4
D:2:      layout_basic, fedhas_ov_isle_minmay, nicolae_tso_swordbearing_angel,
          grunt_temple_overflow_open, chequers_ecumenical_altar_twisty
D:3:      layout_loops_ring, chequers_serial_rivers_small_b, minmay_starry_boxes
D:4:      layout_rooms, makhleb_heckhound_becter
D:5:      layout_cave_pools, serial_shops, shop, basic_altar
D:6:      minmay_angry_zag, layout_loops_cross, gammafunk_ghost_nasty_kobolds,
          kennysheep_decorative_pillar
D:7:      layout_basic, old_standard_altar, lemuel_round_altar, temple_green,
          uniq_prince_ribbit1
D:8:      layout_cave_pools, kennysheep_mini, serial_ice, serial_ice_b,
          serial_ice_i, serial_ice_c, serial_ice_g, serial_ice_h, serial_ice_e,
          serial_ice_f
D:9:      layout_roguey, orc_0_dummy, minmay_fractal_squares_gapless_7
Orc:1:    layout_diamond_mine, gammafunk_ghost_stat_death, uniq_nergalle
Orc:2:    st_orc_rangers, layout_caves, basic_altar, guppyfry_library_mini

Skill      XL: |  1  2  3  4  5  6  7  8  9 10 11 |
---------------+----------------------------------+-----
Fighting       | 4 5 6 7 8 9 |  9.4
Axes           | 3 4 5 6 8 10 12 14 15 | 15.5
Shields        | 4 5 6 7 8 |  8.1
Armour         | 4 5 6 8 9 |  9.5
Dodging        | 1 2 |  2.4
Stealth        | |  0.1
Unarmed Combat | |  0.5
Invocations    | |  0.5

Action                   |  1- 3 |  4- 6 |  7- 9 | 10-12 || total
-------------------------+-------+-------+-------+-------++-------
Melee: War axe           |   136 |   135 |   255 |   368 ||   894
       Unarmed           |       |       |     3 |       ||     3
Invok: Divine Shield     |       |       |       |     3 ||     3
       Summon Divine War |       |       |       |     1 ||     1
  Use: Scroll            |     1 |     4 |     4 |     5 ||    14
       Potion            |       |     4 |     4 |     5 ||    13
Armor: Scale mail        |    63 |    39 |       |       ||   102
       Chain mail        |       |     7 |   135 |    60 ||   202
       Skin              |       |       |     1 |       ||     1
       Plate armour      |       |       |       |    68 ||    68
Dodge: Dodged            |    43 |    41 |    69 |   156 ||   309
Block: Kite shield       |    79 |    66 |   128 |   254 ||   527

Table legend: (Time is in decaauts)
 A = Elapsed time spent in this place.
 B = Non-inter-level travel time spent in this place.
 C = Inter-level travel time spent in this place.
 D = Time resting spent in this place.
 E = Time spent auto-exploring this place.
 F = Levels seen in this place.
 G = Mean time per level.
                   A        B        C        D        E       F      G
               +--------+--------+--------+--------+--------+-----+--------+
         Total |  13461 |  12884 |    577 |   5577 |   4804 |  11 | 1223.7 |
       Dungeon |  11962 |  11466 |    496 |   5029 |   4247 |   9 | 1329.1 |
  Orcish Mines |   1499 |   1418 |     81 |    548 |    557 |   2 |  749.5 |
               +--------+--------+--------+--------+--------+-----+--------+

Top non-repeatable levels by time:
     D:8: 1922 daAuts
     D:2: 1806 daAuts
     D:6: 1633 daAuts
     D:9: 1522 daAuts
   Orc:1: 1361 daAuts
     D:3: 1319 daAuts
     D:4: 1284 daAuts
     D:1: 1031 daAuts
     D:5: 935 daAuts
     D:7: 506 daAuts
   Orc:2: 138 daAuts
